SAA
LANCASTER FARMERS @ LONG ISLAND SEAWOLVES
05/31/2024
 
TOP OF THE 1ST
Lancaster Farmers batting - Pitching for Long Island Seawolves : RHP Jim Unknown
Pitching: RHP Jim Unknown
Batting: SHB Orlando Miranda 0-0: Ball
1-0: Ball
2-0: Hit by Pitch
Batting: RHB Domenic Gallard 0-0: Ball
1-0: Called Strike
1-1: Ground out 3-1 (Groundball, 34S)
Orlando Miranda to second
Batting: RHB Ricardo Pacheco 0-0: Ball
1-0: Ball
2-0: Ball
3-0: Called Strike
3-1: Base on Balls
Batting: LHB Rob Wilson 0-0: Ball
1-0: Called Strike
1-1: SINGLE (Line Drive, 8LS)
Orlando Miranda to third
Ricardo Pacheco to second
Runner from 3rd tries for Home, SAFE, no throw or cutoff
Batting: RHB Barkley B. Cooltimes 0-0: Fly out, F9 (Flyball, 89D)
Runner from 2nd tags up, SAFE at 3rd, no throw
Batting: RHB António Jiménez 0-0: Ball
1-0: Swinging Strike
1-1: Ball
2-1: Called Strike
2-2: Strikes out swinging
Top of the 1st over - 1 run(s), 1 hit(s), 0 error(s), 2 left on base; Lancaster 1 - Long Island 0
BOTTOM OF THE 1ST
Long Island Seawolves batting - Pitching for Lancaster Farmers : RHP John Boyle
Pitching: RHP John Boyle
Batting: RHB Walter Hurlson 0-0: Ball
1-0: Ball
2-0: Fly out, F9 (Flyball, 89S)
Batting: RHB Francisco García 0-0: Called Strike
0-1: Ground out 5-3 (Groundball, 56S)
Batting: RHB Manuel Martínez 0-0: Ball
1-0: Foul Ball, location: 2F
1-1: Ball
2-1: Called Strike
2-2: Strikes out swinging
Bottom of the 1st over - 0 run(s), 0 hit(s), 0 error(s), 0 left on base; Lancaster 1 - Long Island 0
TOP OF THE 2ND
Lancaster Farmers batting - Pitching for Long Island Seawolves : RHP Jim Unknown
Batting: LHB Ramón Gómez 0-0: Ball
1-0: Foul Ball, location: 2F
1-1: Swinging Strike
1-2: Strikes out swinging
Batting: RHB Henry Womack 0-0: Ball
1-0: Called Strike
1-1: Called Strike
1-2: Ball
2-2: Ball
3-2: Base on Balls
Batting: RHB Rodrigo Velasco 0-0: Ball
1-0: Foul Ball, location: 2F
1-1: Ball
2-1: Ball
3-1: Foul Ball, location: 2F
3-2: SINGLE (Groundball, 6MD)
Henry Womack to second
Runner from 2nd tries for 3rd, OUT!
Batting: SHB Orlando Miranda 0-0: Fly out, F8 (Popup, 6MD)
Top of the 2nd over - 0 run(s), 1 hit(s), 0 error(s), 1 left on base; Lancaster 1 - Long Island 0
BOTTOM OF THE 2ND
Long Island Seawolves batting - Pitching for Lancaster Farmers : RHP John Boyle
Batting: RHB Jim Unknown 0-0: Ground out 4-3 (Groundball, 4M)
Batting: RHB Edgar Carrillo 0-0: Ball
1-0: Ball
2-0: Called Strike
2-1: Swinging Strike
2-2: Fly out, F9 (Flyball, 89XD)
Batting: LHB Héctor Gonzáles 0-0: SINGLE (Groundball, 34D)
Batting: RHB Rafael Canseco 0-0: Ball
1-0: Ball
2-0: Ball
3-0: Base on Balls
Héctor Gonzáles to second
Batting: SHB Jim Unknown 0-0: Ball
1-0: Called Strike
1-1: Ball
2-1: Ball
3-1: Fly out, F7 (Flyball, 78XD)
Bottom of the 2nd over - 0 run(s), 1 hit(s), 0 error(s), 2 left on base; Lancaster 1 - Long Island 0
TOP OF THE 3RD
Lancaster Farmers batting - Pitching for Long Island Seawolves : RHP Jim Unknown
Batting: RHB Domenic Gallard 0-0: Ball
1-0: Called Strike
1-1: SINGLE (Line Drive, 7S)
Batting: RHB Ricardo Pacheco 0-0: Ball
1-0: Swinging Strike
1-1: Called Strike
1-2: Foul Ball, location: 2F
1-2: SINGLE (Line Drive, 89S)
Domenic Gallard to second
Batting: LHB Rob Wilson 0-0: Fly out, F6 (Popup, 56D)
Batting: RHB Barkley B. Cooltimes 0-0: Ball
1-0: Called Strike
1-1: Foul Ball, location: 2F
1-2: Foul Ball, location: 2F
1-2: SINGLE (Flyball, 8RS)
Domenic Gallard to third
Ricardo Pacheco to second
Runner from 3rd tries for Home, throw and OUT!
Ricardo Pacheco to third
Barkley B. Cooltimes to second
Batting: RHB António Jiménez 0-0: Ball
1-0: Ball
2-0: Fly out, F9 (Flyball, 9M)
Top of the 3rd over - 0 run(s), 3 hit(s), 0 error(s), 2 left on base; Lancaster 1 - Long Island 0
BOTTOM OF THE 3RD
Long Island Seawolves batting - Pitching for Lancaster Farmers : RHP John Boyle
Batting: RHB José Cervantes 0-0: SINGLE (Flyball, 78S)
Batting: RHB Walter Hurlson 0-0: Called Strike
0-1: Swinging Strike
0-2: Foul Ball, location: 2F
0-2: Strikes out swinging
Batting: RHB Francisco García 0-0: Ball
1-0: Ball
2-0: Foul Ball, location: 2F
2-1: Fly out, F7 (Flyball, 7D)
Batting: RHB Manuel Martínez 0-0: Foul Ball, location: 2F
0-1: Ball
1-1: Ball
2-1: Ground out 6-3 (Groundball, 6)
Bottom of the 3rd over - 0 run(s), 1 hit(s), 0 error(s), 1 left on base; Lancaster 1 - Long Island 0
TOP OF THE 4TH
Lancaster Farmers batting - Pitching for Long Island Seawolves : RHP Jim Unknown
Batting: LHB Ramón Gómez 0-0: Ball
1-0: Ball
2-0: Called Strike
2-1: Foul Ball, location: 2F
2-2: Fly out, F5 (Popup, 56)
Batting: RHB Henry Womack 0-0: Called Strike
0-1: Ball
1-1: Ball
2-1: Foul Ball, location: 2F
2-2: Fly out, F9 (Line Drive, 9S)
Batting: RHB Rodrigo Velasco 0-0: Called Strike
0-1: Called Strike
0-2: Ball
1-2: Ball
2-2: Ball
3-2: Ground out 5-3 (Groundball, 56)
Top of the 4th over - 0 run(s), 0 hit(s), 0 error(s), 0 left on base; Lancaster 1 - Long Island 0
BOTTOM OF THE 4TH
Long Island Seawolves batting - Pitching for Lancaster Farmers : RHP John Boyle
Batting: RHB Jim Unknown 0-0: Foul Ball, location: 2F
0-1: Ball
1-1: Foul Ball, location: 2F
1-2: Ball
2-2: Fly out, F8 (Flyball, 8LXD)
Batting: RHB Edgar Carrillo 0-0: Foul Ball, location: 2F
0-1: SINGLE (Groundball, 6MD)
Batting: LHB Héctor Gonzáles 0-0: Fly out, F3 (Popup, 3F)
Batting: RHB Rafael Canseco 0-0: Foul Ball, location: 2F
0-1: Ball
1-1: Fly out, F7 (Line Drive, 7M)
Bottom of the 4th over - 0 run(s), 1 hit(s), 0 error(s), 1 left on base; Lancaster 1 - Long Island 0
TOP OF THE 5TH
Lancaster Farmers batting - Pitching for Long Island Seawolves : RHP Jim Unknown
Batting: SHB Orlando Miranda 0-0: SINGLE (Groundball, 4MD)
Batting: RHB Domenic Gallard 0-0: Ball
1-0: Bunted foul
1-1: Sac Bunt - play at first, batter OUT! 6-4
Orlando Miranda to second
Batting: RHB Ricardo Pacheco 0-0: Ball
1-0: Foul Ball, location: 2F
1-1: Ground out 4-3 (Groundball, 4)
Orlando Miranda to third
Batting: LHB Rob Wilson 0-0: Foul Ball, location: 2F
0-1: Called Strike
0-2: Strikes out swinging
Top of the 5th over - 0 run(s), 1 hit(s), 0 error(s), 1 left on base; Lancaster 1 - Long Island 0
BOTTOM OF THE 5TH
Long Island Seawolves batting - Pitching for Lancaster Farmers : RHP John Boyle
Batting: SHB Jim Unknown 0-0: Ball
1-0: Fly out, F7 (Line Drive, 78S)
Batting: RHB José Cervantes 0-0: Called Strike
0-1: Ball
1-1: Called Strike
1-2: Ball
2-2: Strikes out looking
Batting: RHB Walter Hurlson 0-0: Fly out, F8 (Flyball, 8LXD)
Bottom of the 5th over - 0 run(s), 0 hit(s), 0 error(s), 0 left on base; Lancaster 1 - Long Island 0
TOP OF THE 6TH
Lancaster Farmers batting - Pitching for Long Island Seawolves : RHP Jim Unknown
Batting: RHB Barkley B. Cooltimes 0-0: Ground out 5-3 (Groundball, 5L)
Batting: RHB António Jiménez 0-0: Called Strike
0-1: Fly out, F8 (Flyball, 8RM)
Batting: LHB Ramón Gómez 0-0: Ball
1-0: Foul Ball, location: 2F
1-1: Foul Ball, location: 2F
1-2: Foul Ball, location: 2F
1-2: Ball
2-2: Fly out, F8 (Flyball, 8RM)
Top of the 6th over - 0 run(s), 0 hit(s), 0 error(s), 0 left on base; Lancaster 1 - Long Island 0
BOTTOM OF THE 6TH
Long Island Seawolves batting - Pitching for Lancaster Farmers : RHP John Boyle
Batting: RHB Francisco García 0-0: Foul Ball, location: 2F
0-1: Ball
1-1: Ground out 6-3 (Groundball, 6MS)
Batting: RHB Manuel Martínez 0-0: SINGLE (Line Drive, 56)
Batting: RHB Jim Unknown 0-0: Ball
1-0: Ball
2-0: Ball
3-0: Base on Balls
Manuel Martínez to second
Batting: RHB Edgar Carrillo 0-0: Called Strike
0-1: Called Strike
0-2: SINGLE (Line Drive, 56D)
Manuel Martínez to third
Jim Unknown to second
Batting: LHB Héctor Gonzáles 0-0: Foul Ball, location: 2F
0-1: SINGLE (Groundball, 34D)
Manuel Martínez scores
Jim Unknown to third
Edgar Carrillo to second
Runner from 3rd tries for Home, SAFE, throw made home
Batting: RHB Rafael Canseco 0-0: Foul Ball, location: 2F
0-1: Swinging Strike
0-2: Strikes out looking
Batting: SHB Jim Unknown 0-0: Called Strike
0-1: Called Strike
0-2: Ball
1-2: Ground out 4-3 (Groundball, 4)
Bottom of the 6th over - 2 run(s), 3 hit(s), 0 error(s), 2 left on base; Lancaster 1 - Long Island 2
TOP OF THE 7TH
Lancaster Farmers batting - Pitching for Long Island Seawolves : RHP Jim Unknown
Batting: RHB Henry Womack 0-0: Called Strike
0-1: Swinging Strike
0-2: Foul Ball, location: 2F
0-2: Ball
1-2: Foul Ball, location: 2F
1-2: Fly out, F4 (Popup, 8RS)
Batting: RHB Rodrigo Velasco 0-0: Called Strike
0-1: Swinging Strike
0-2: Strikes out swinging, 2-3 out at first.
Batting: SHB Orlando Miranda 0-0: Swinging Strike
0-1: Fly out, F7 (Popup, 6D)
Top of the 7th over - 0 run(s), 0 hit(s), 0 error(s), 0 left on base; Lancaster 1 - Long Island 2
BOTTOM OF THE 7TH
Long Island Seawolves batting - Pitching for Lancaster Farmers : RHP John Boyle
Batting: RHB José Cervantes 0-0: Foul Ball, location: 2F
0-1: Swinging Strike
0-2: Ball
1-2: Strikes out swinging
Batting: RHB Walter Hurlson 0-0: Foul Ball, location: 2F
0-1: Ball
1-1: Fly out, F3 (Popup, 34D)
Batting: RHB Francisco García 0-0: Ball
1-0: SINGLE (Line Drive, 7S)
Pinch Hitting: LHB Jim Unknown 0-0: Called Strike
0-1: Ball
1-1: Called Strike
1-2: Fly out, F3 (Popup, 3S)
Bottom of the 7th over - 0 run(s), 1 hit(s), 0 error(s), 1 left on base; Lancaster 1 - Long Island 2
TOP OF THE 8TH
Lancaster Farmers batting - Pitching for Long Island Seawolves : RHP Jim Unknown
Now at 3B: Jim Unknown
Batting: RHB Domenic Gallard 0-0: Ball
1-0: Ground out 5-3 (Groundball, 5)
Pitching: RHP Jim Unknown
Batting: RHB Ricardo Pacheco 0-0: Swinging Strike
0-1: Ball
1-1: Swinging Strike
1-2: Ball
2-2: Strikes out swinging
Batting: LHB Rob Wilson 0-0: SINGLE (Line Drive, 8RS)
Pinch Hitting: LHB Brad Tillman 0-0: Foul Ball, location: 2F
0-1: Ball
1-1: Foul Ball, location: 2F
1-2: Ground out 3-1 (Groundball, 3)
Top of the 8th over - 0 run(s), 1 hit(s), 0 error(s), 1 left on base; Lancaster 1 - Long Island 2
BOTTOM OF THE 8TH
Long Island Seawolves batting - Pitching for Lancaster Farmers : RHP John Boyle
Pitching: LHP António Torrez
Now at 2B: Eric Howard
Batting: RHB Jim Unknown 0-0: Ball
1-0: Foul Ball, location: 2F
1-1: Foul Ball, location: 2F
1-2: Ball
2-2: Ground out 5-3 (Groundball, 5)
Batting: RHB Edgar Carrillo 0-0: Called Strike
0-1: Fly out, F8 (Flyball, 8LD)
Batting: LHB Héctor Gonzáles 0-0: Ball
1-0: Ball
2-0: Swinging Strike
2-1: SOLO HOME RUN (Flyball, 7LD), Distance : 319 ft
Batting: RHB Rafael Canseco 0-0: Called Strike
0-1: Foul Ball, location: 2F
0-2: Foul Ball, location: 2F
0-2: Fly out, F9 (Flyball, 9LM)
Bottom of the 8th over - 1 run(s), 1 hit(s), 0 error(s), 0 left on base; Lancaster 1 - Long Island 3
TOP OF THE 9TH
Lancaster Farmers batting - Pitching for Long Island Seawolves : RHP Jim Unknown
Batting: RHB António Jiménez 0-0: Ball
1-0: Ground out 5-3 (Groundball, 5S)
Batting: LHB Ramón Gómez 0-0: Called Strike
0-1: Ball
1-1: Foul Ball, location: 2F
1-2: Ball
2-2: Ball
3-2: Base on Balls
Batting: RHB Henry Womack 0-0: Fly out, F7 (Flyball, 78D)
Batting: RHB Rodrigo Velasco 0-0: Ball
1-0: Ball
2-0: Called Strike
2-1: Foul Ball, location: 2F
2-2: SINGLE (Line Drive, 8RS)
Ramón Gómez to second
Runner from 2nd tries for 3rd, SAFE, throw made to third
Pinch Hitting: RHB Albert Díaz 0-0: Ball
1-0: Reached on error, E6 (Groundball, 6)
Ramón Gómez scores
Rodrigo Velasco to second
Batting: RHB Domenic Gallard 0-0: Swinging Strike
0-1: Called Strike
0-2: Foul Ball, location: 2F
0-2: Ground out 4-3 (Groundball, 4)
Top of the 9th over - 1 run(s), 1 hit(s), 1 error(s), 2 left on base; Lancaster 2 - Long Island 3
This league is powered by Out of the Park Baseball, the baseball management simulation game for PC, Mac and Linux
Monday, October 3rd, 2016 - OOTP Baseball 16.9 Build 39